 Dungeon Crawl Stone Soup version 0.14-a0-1444-g21dc12d (webtiles) character file.

147 July the Magician (level 4, -5/21 HPs)
             Began as a Spriggan Enchanter on Dec 13, 2013.
             Slain by an orc
             ... wielding a +0,+0 orcish dagger
              (8 damage)
             ... on Level 3 of the Dungeon.
             The game lasted 00:12:50 (3002 turns).

July the Magician (Spriggan Enchanter)              Turns: 3002, Time: 00:12:50

HP  -5/21        AC  3     Str  5      XL: 4   Next: 25%
MP  17/17        EV 18     Int 16      God:
Gold 62          SH  0     Dex 16      Spells:  2 memorised, 11 levels left

rFire  . . .     SeeInvis +     a - +1 dagger
rCold  . . .     Clarity  .     b - +1 robe
rNeg   . . .     Conserve .     (shield restricted)
rPois  .         rCorr    .     (helmet restricted)
rElec  .         rRot     .     (no cloak)
SustAb . .       Spirit   .     (gloves unavailable)
rMut   .         Warding  .     (boots unavailable)
Saprov . . .     Stasis   .     (no amulet)
                                (no ring)
                                (no ring)

@: slowed, quick, slightly resistant to hostile enchantments, stealthy
A: unfitting armour, see invisible, herbivore 3, speed 3, slow metabolism 2
a: no special abilities


You were on level 3 of the Dungeon.
You were not hungry.

You visited 1 branch of the dungeon, and saw 3 of its levels.

You collected 62 gold pieces.

Inventory:

Hand weapons
 a - a +1,+1 dagger (weapon)
 i - a +1,+0 elven short sword of speed
Missiles
 d - 47 darts (quivered)
Armour
 b - a +1 robe (worn)
 q - a +1 orcish robe
Comestibles
 m - 2 bread rations
 s - a slice of pizza
 t - an orange
Scrolls
 f - 3 scrolls of teleportation {unknown}
 h - 3 scrolls of recharging {unknown}
 k - 3 scrolls of identify {unknown}
 l - 2 scrolls of amnesia {unknown}
 n - 4 scrolls of remove curse {unknown}
Jewellery
 o - a +6,+2 ring of slaying {unknown}
Potions
 e - a potion of porridge
 g - 2 potions of curing {unknown}
 j - a potion of heal wounds
 r - a potion of speed {unknown}
Books
 c - a book of Maledictions

   Spells                             Type                      Level
   *Corona                            Hexes                        1
   Sure Blade                         Hexes/Charms                 2
   *Ensorcelled Hibernation           Hexes/Ice                    2
   Confuse                            Hexes                        3
   Enslavement                        Hexes                        4
   Invisibility                       Hexes                        6
 p - a book of Envenomations

   Spells                             Type                      Level
   Spider Form                        Transmutation/Poison         3
   Poison Weapon                      Charms/Poison                3
   Summon Scorpions                   Summoning/Poison             4
   Olgreb's Toxic Radiance            Poison                       4
   Poisonous Cloud                    Conjuration/Poison/Air       6


   Skills:
 - Level 1.1 Short Blades
 - Level 1.1 Throwing
 - Level 3.0 Dodging
 - Level 3.0 Stealth
 * Level 5.6 Spellcasting
 - Level 3.6 Hexes


You had 11 spell levels left.
You knew the following spells:

 Your Spells              Type           Power        Failure   Level  Hunger
m - Corona                Hex            ###....      3%          1    None
s - Ensorcelled Hibernat  Hex/Ice        ##....       12%         2    #......


Dungeon Overview and Level Annotations

Branches:
Dungeon (3/16)

Altars:
Cheibriados
Zin


Innate Abilities, Weirdness & Mutations

You are tiny and cannot use many weapons and most armour.
You have supernaturally acute eyesight.
You are a herbivore.
You cover ground extremely quickly.
You need consume almost no food.


Message History

There is an open door here.
Items here: %% )) [ a short sword; a kobold corpse; an orcish dagger; an orcish ring mail an orc corpse You hit the kobold.
The kobold is moderately wounded.
The orc barely misses you.
The kobold zaps a wand.
You feel as though you will be slow longer.
You hit the kobold but do no damage.
The kobold is moderately wounded.
The orc barely misses you. The kobold misses you.
The orc hits you with an orcish dagger. The kobold hits you.
* * * LOW HITPOINT WARNING * * *
You hit the kobold but do no damage. The orc hits you with an orcish dagger.
* * * LOW HITPOINT WARNING * * *
The kobold closely misses you. The orc misses you.
The kobold zaps a wand.
You feel as though you will be slow longer.
The orc hits you with an orcish dagger!
You die...

##...........#......#..)....
#.#...#####.#..#...........
#.#...#####.#..#.........##
#(#.........#............#
#.#.........#............##
#(#.......#.............. #
#.#########..............
#.#(####....#.#....#.......
##.#....#..@.#.#....#......#
#..(..#.).Ko.#.#....###....#
#.......#....#.#............
#.....###....#.#............
#.....# ######.#............
#.....# #.#............
#...... #.##.#....####.
##.#.... #..............
#.#...... ..##.............


You could see an orc and a kobold.

Vanquished Creatures
  3 adders
  A giant gecko (D:2)
  3 oozes
  2 orcs (D:3)
  4 bats
  5 giant cockroaches
  6 hobgoblins
  A giant newt (D:2)
  6 goblins
  9 kobolds
  A quokka (D:2)
  12 rats
53 creatures vanquished.

Notes
Turn   | Place    | Note
--------------------------------------------------------------
     0 | D:1      | July, the Spriggan Enchanter, began the quest for the Orb.
     0 | D:1      | Reached XP level 1. HP: 9/9 MP: 4/4
   265 | D:1      | Reached XP level 2. HP: 11/13 MP: 8/8
   269 | D:1      | Learned a level 2 spell: Ensorcelled Hibernation
   952 | D:1      | Reached skill level 4 in Spellcasting
  1457 | D:2      | Reached XP level 3. HP: 12/16 MP: 12/12
  1896 | D:2      | Reached skill level 5 in Spellcasting
  2347 | D:2      | Found a glowing silver altar of Zin.
  2690 | D:3      | Reached XP level 4. HP: 18/21 MP: 17/17
  2947 | D:3      | Found a snail-covered altar of Cheibriados.
  3002 | D:3      | Slain by an orc

Action                   |  1- 3 |  4- 6 || total
-------------------------+-------+-------++-------
Melee: Dagger            |   219 |    83 ||   302
  Use: Potion            |     1 |       ||     1
 Stab: Sleeping          |     6 |       ||     6
